AoeStats
← KitKat

Nomad

508490850Analyzed
4v4 RM · 10d ago on Sep 22, 2026· 33m 48s· 8 players
Game mode
Random Map
Map size
231×231
Population
200
Speed
Normal
Resources
Standard
Victory
Conquest
Starting age
Dark Age
Ending age
Imperial Age
RankedLock teamsTeams togetherTeam positionsShared explorationLock speedFull tech treeHidden civsTurbo modeCheats
Victory
Defeat
🇩🇪 Italians · Germany
1348
+14
🇩🇪 Bohemians · Germany
1313
+15
🇦🇹 Vietnamese · Austria
1300
+16
🇩🇪 Burgundians · Germany
1281
+16
🇬🇧 Danes · United Kingdom
1361
-19
🇬🇧 Varangians · United Kingdom
1295
-15
🇬🇧 Saxons · United Kingdom
1269
-14
🇬🇧 Varangians · United Kingdom
1247
-13
hafnfp13
8:16 Loom
13:13 Feudal Age
18:27 Castle Age
19:57 Double-Bit Axe
21:09 Bow Saw
24:37 Horse Collar
26:09 Heavy Plow
28:41 Wheelbarrow
29:53 Hand Cart
31:01 Forging
30:51 Scale Mail Armor
30:34 Man-at-Arms
31:15 Squires
31:00 Arson
33:50 Imperial Age
33:13 Iron Casting
32:53 Chain Mail Armor
33:24 Long Swordsman
Carpii
9:22 Loom
15:27 Feudal Age
19:09 Castle Age
17:01 Double-Bit Axe
16:58 Horse Collar
20:38 Bow Saw
21:04 Husbandry
21:36 Heavy Plow
22:09 Scale Barding Armor
23:26 Forging
26:49 Chain Barding Armor
26:35 Gold Mining
28:21 Cavalier
33:52 Wheelbarrow
34:37 Two-Man Saw
DesFroschi
4:24 Loom
14:25 Feudal Age
17:59 Castle Age
16:23 Double-Bit Axe
27:25 Wheelbarrow
29:52 Bow Saw
29:24 Horse Collar
KitKat
11:47 Feudal Age
15:39 Wheelbarrow
14:51 Double-Bit Axe
19:30 Castle Age
17:46 Stone Mining
19:09 Loom
19:24 Gold Mining
20:32 Medium Warships
24:13 Bow Saw
29:27 Horse Collar
30:08 Heavy Plow
31:42 Town Watch
Harry Wragg
10:57 Loom
13:00 Feudal Age
17:56 Castle Age
17:03 Fletching
17:05 Double-Bit Axe
18:14 Padded Archer Armor
24:11 Scale Mail Armor
28:00 Squires
29:21 Bow Saw
30:24 Chain Mail Armor
32:49 Forging
Advanced Farming Research Centre
5:26 Loom
13:52 Feudal Age
18:21 Fletching
18:48 Forging
22:20 Castle Age
23:05 Double-Bit Axe
23:02 Horse Collar
24:00 Wheelbarrow
23:29 Scale Mail Armor
24:42 Bodkin Arrow
Yaldi the man with the very long
5:34 Loom
13:39 Feudal Age
17:37 Castle Age
16:37 Stone Mining
19:24 Horse Collar
20:20 Fletching
25:24 Double-Bit Axe
Kupo Games
5:47 Loom
14:07 Feudal Age
18:55 Castle Age
17:35 Scale Barding Armor
17:41 Forging
19:52 Husbandry
21:18 Bloodlines
24:12 Wheelbarrow
24:14 Chain Barding Armor
27:56 Iron Casting
Connection lost

Rejoining the realm…

Still unreachable

The connection could not be restored.

Session expired

The server has moved on; the page needs a fresh start.